 Dungeon Crawl Stone Soup version 0.27-a0-1334-g2746e35aca (webtiles) character file.

Game seed: 17528586327162999103

2 Sweetruy1997 the Caller (level 1, -15/13 HPs)
             Began as a Merfolk Summoner on June 27, 2021.
             Demolished by a kobold (20 damage)
             ... on level 1 of the Dungeon.
             The game lasted 00:01:35 (275 turns).

Sweetruy1997 the Caller (Merfolk Summoner)           Turns: 275, Time: 00:01:36

Health: -15/13     AC:  2    Str:  8    XL:     1   Next: 30%
Magic:  0/3        EV: 12    Int: 14    God:
Gold:   16         SH:  0    Dex: 14    Spells: 3/4 levels left

rFire    . . .     SeeInvis .   (no weapon)
rCold    . . .     Faith    .   (no shield)
rNeg     . . .     Spirit   .   a - +0 robe
rPois    .         Reflect  .   (no helmet)
rElec    .         Harm     .   (no cloak)
rCorr    .         Rampage  .   (no gloves)
Will     .....                  (no boots)
Stlth    ++........             (no amulet)
HPRegen  0.04/turn              (no ring)
MPRegen  0.08/turn              (no ring)

@: no status effects
A: (nimble swimmer 2), mertail
a: no special abilities


You were on level 1 of the Dungeon.
You visited 1 branch of the dungeon, and saw 1 of its levels.

You collected 16 gold pieces.

Inventory:

Armour
 a - a +0 robe (worn)
Scrolls
 b - a scroll of brand weapon {unknown}


   Skills:
 + Level 2.6 Dodging
 + Level 2.1 Stealth
 + Level 2.0 Spellcasting
 + Level 4.0 Summonings


You had 3 spell levels left.
You knew the following spells:

 Your Spells              Type           Power      Damage    Failure   Level
a - Summon Small Mammal   Summ           48%        N/A       4%          1

Your spell library contained the following spells:

 Spells                   Type           Power      Damage    Failure   Level
 Call Imp                 Summ           12%        N/A       7%          2
 Call Canine Familiar     Summ           12%        N/A       13%         3
 Summon Guardian Golem    Hex/Summ       7%         N/A       30%         3
 Summon Ice Beast         Ice/Summ       7%         N/A       71%         4
 Summon Lightning Spire   Summ/Air       7%         N/A       71%         4


Dungeon Overview and Level Annotations

Branches:
Dungeon (1/15)

Altars:


Innate Abilities, Weirdness & Mutations

((You are quick and stealthy near water. (Stealth+, EV+, Speed+++)))
Your lower body shifts to a powerful aquatic tail in water.


Message History

You closely miss the kobold.
The kobold is severely wounded.
The kobold barely misses you. The kobold barely misses you.
You swap places.
The kobold hits your rat with a +0 short sword of electrocution.
Lightning courses through your rat!
Your rat dies!
Your rat's corpse disappears in a puff of smoke!
The kobold barely misses you.
You barely miss the kobold.
The kobold hits you with a +0 short sword of electrocution.
You hit the kobold.
The kobold is moderately wounded.
The kobold completely misses you.
You barely miss the kobold.
The kobold is moderately wounded.
The kobold closely misses you.
You hit the kobold but do no damage.
The kobold is moderately wounded.
The kobold hits you with a +0 short sword of electrocution.
You hit the kobold but do no damage.
The kobold is moderately wounded.
The kobold closely misses you.
You hit the kobold but do no damage.
The kobold is moderately wounded.
The kobold closely misses you.
You barely miss the kobold.
The kobold is moderately wounded.
The kobold barely misses you.
The kobold hits you with a +0 short sword of electrocution.
You swap places.
Your bat closely misses the kobold.
The kobold closely misses you.
Your bat hits the kobold but does no damage.
Your bat barely misses the kobold.
The kobold closely misses you.
You barely miss the kobold.
Your bat closely misses the kobold.
The kobold hits you with a +0 short sword of electrocution.
You are electrocuted!!
Ouch! That really hurt!
You die...

#.........(# #.########.# #.# #.#
#.########.# #.......##.#
#######.##.# #...###.##.#
########.#.....##b#############..
................@K....(......>...
.#######....###############.##...
.# #....######### ..P
.♣#♣#♣##............. .#..P
.......#.....######## K##...
.♣#♣#♣....#..# .. ... ..#
###..#..# .# ## #.## ####..# .#
#..########..#


You could see a kobold (ally target) and a friendly bat (summoned).

Vanquished Creatures (collateral kills)
  A bat (D:1)
  An endoplasm (D:1)
  A hobgoblin (D:1)
3 creatures vanquished.

Notes
Turn   | Place    | Note
-------+----------+-------------------------------------------
     0 | D:1      | Sweetruy1997 the Merfolk Summoner began the quest for the
                  | Orb.
     0 | D:1      | Reached XP level 1. HP: 13/13 MP: 3/3
   275 | D:1      | Demolished by a kobold

Illustrated notes

Levels and vault maps discovered:
D:1:      lordsloth_arrival_two_stooges, layout_basic, serial_forest,
          infiniplex_forest_lined_2, infiniplex_forest_end_2,
          infiniplex_forest_clump_curved, infiniplex_forest_lined_2,
          infiniplex_forest_lined_room_2, infiniplex_forest_end_2,
          infiniplex_forest_clump_double, infiniplex_forest_corner_1

Action                   || total
-------------------------++-------
Melee: Unarmed           ||    21
 Cast: Summon Small Mamm ||    14
Armor: Robe              ||     2
Dodge: Dodged            ||    19

Table legend: (Time is in decaauts)
 A = Elapsed time spent in this place.
 B = Non-inter-level travel time spent in this place.
 C = Inter-level travel time spent in this place.
 D = Time resting spent in this place.
 E = Time spent auto-exploring this place.
 F = Levels seen in this place.
 G = Mean time per level.
                   A        B        C        D        E       F      G
               +--------+--------+--------+--------+--------+-----+--------+
         Total |    274 |    274 |      0 |     31 |    157 |   1 |  274.0 |
       Dungeon |    274 |    274 |      0 |     31 |    157 |   1 |  274.0 |
               +--------+--------+--------+--------+--------+-----+--------+

Top non-repeatable levels by time:
     D:1: 274 daAuts
